 Dungeon Crawl Stone Soup version 0.29.0-4-gdea44cf6ec (webtiles) character file.

Game seed: 14262872356752955411

572 qw the Chopper (level 7, -3/57 HPs)
             Began as a Ghoul Summoner on Sept 9, 2022.
             Killed from afar by an orc wizard (6 damage)
             ... with a puff of flame
             ... on level 6 of the Dungeon.
             The game lasted 00:02:48 (5651 turns).

qw the Chopper (Ghoul Summoner)                     Turns: 5651, Time: 00:02:48

Health: -3/57      AC: 14    Str: 14    XL:     7   Next: 34%
Magic:  8/8        EV:  5    Int: 10    God:
Gold:   316        SH:  3    Dex:  9    Spells: 8/9 levels left

rFire   . . .      SeeInvis .   Y - +0 hand axe (vorpal)
rCold   + + .      Faith    .   c - +0 buckler of Fallacy {rC+}
rNeg    + + +      Spirit   .   i - +0 chain mail
rPois   inf        Reflect  .   h - +0 helmet
rElec   .          Harm     .   f - +0 cloak
rCorr   +          Rampage  .   (no gloves)
Will    .....                   (no boots)
Stlth   ..........              b - amulet of regeneration
HPRegen 0.00/turn               e - ring of resist corrosion
MPRegen 0.11/turn               k - +4 ring of protection

@: about to teleport, inhibited regen
A: claws 1, cold resistance 1, negative energy resistance 3, inhibited
regeneration, torment resistance 2, devour on kill
a: no special abilities


You were on level 6 of the Dungeon.
You visited 1 branch of the dungeon, and saw 6 of its levels.

You collected 316 gold pieces.


Innate Abilities, Weirdness & Mutations

You are immune to poison.
You have sharp fingernails.
Your flesh is cold resistant. (rC+)
You are immune to negative energy. (rN+++)
You do not regenerate when monsters are visible.
You are immune to unholy pain and torment.
You thrive by killing the living.


   Skills:
 - Level 3.0 Fighting
 - Level 5.2 Axes
 - Level 1.9 Throwing
 + Level 1.5 Armour
 - Level 1.7 Dodging
 - Level 2.1 Stealth
 - Level 1.1 Shields
 - Level 1.7 Spellcasting
 - Level 3.6 Summonings


You had 8 spell levels left.
You knew the following spells:

 Your Spells              Type           Power      Damage    Failure   Level
a - Summon Small Mammal   Summ           32%        N/A       95%         1

Your spell library contained the following spells:

 Spells                   Type           Power      Damage    Failure   Level
 Call Imp                 Summ           8%         N/A       99%         2
 Call Canine Familiar     Summ           8%         N/A       100%        3
 Summon Guardian Golem    Hex/Summ       4%         N/A       100%        3
 Summon Lightning Spire   Summ/Air       4%         N/A       100%        4

Inventory:

Hand Weapons
 l - a +0 flail
 Y - a +0 vorpal hand axe (weapon)
Missiles
 j - 3 javelins (quivered)
Armour
 c - the +0 buckler of Fallacy (worn) {rC+}
   (You acquired it on level 4 of the Dungeon)

   rC:        It protects you from cold.
 f - a +0 cloak (worn)
 h - a +0 helmet (worn)
 i - a +0 chain mail (worn)
Jewellery
 b - an amulet of regeneration (around neck)
 d - a ring of ice
 e - a ring of resist corrosion (left claw)
 k - a +4 ring of protection (right claw)
Scrolls
 m - 8 scrolls of identify
Potions
 a - a potion of mutation
 n - 2 potions of curing

Dungeon Overview and Level Annotations

Branches:
Dungeon (6/15)
 Temple: D:4-7

Altars:
Cheibriados


Message History

Something hits you but does no damage.
The orc wizard hits you but does no damage.
The orc warrior hits you but does no damage.
You hit the orc wizard.
You kill the orc wizard!
You barely miss the orc warrior. You miss something.
You hear some strange, mumbled words.
Something tries to affect you, but you resist.
You block the orc warrior's attack.
You barely miss the orc warrior.
The orc warrior is lightly wounded.
You miss something. Something hits you but does no damage.
The orc warrior hits you with a +0 long sword. x2
Something hits you but does no damage. The orc hits you but does no damage.
You closely miss the orc.
The orc is severely wounded.
You closely miss the orc warrior. You hit something.
The orc warrior hits you with a +0 long sword.
The orc barely misses you. Something hits you but does no damage.
You hit the orc.
You kill the orc!
You barely miss the orc warrior. You closely miss something.
The orc warrior hits you with a +0 long sword!
You hear some strange, mumbled words.
A magic dart appears from out of thin air!
The magic dart hits you but does no damage.
5650 ||| READING scroll of teleportation.
As you read the scroll of teleportation, it crumbles to dust.
You feel strangely unstable.
The orc warrior hits you but does no damage.
Something hits you but does no damage.
You hit the orc warrior.
The orc warrior is moderately wounded.
You miss something.
The orc warrior hits you with a +0 long sword.
You hear some strange, mumbled words.
A puff of flame appears from out of thin air!
The puff of flame hits you.
You die...

####### ......# #.....#
...... ##.#..#####.#..
#<.#......#....
...#'####...#.##+#######
#.#.........#.#.........
#.+.........#.+.........
###........<.##o@.......
#............{).......
#.........###'#######.
#.........# (..
#.........##...o
############....o
#...o.# #..[..# #######


You could see an orc warrior.

Vanquished Creatures
  2 phantoms
  A bullfrog (D:6)
  A hound (D:3)
  An orc priest (D:5)
  3 orc wizards
  Robin (D:3)
  3 adders
  An ufetubus (D:4)
  A worm (D:2)
  4 dart slugs
  13 orcs
  An endoplasm (D:1)
  A giant cockroach (D:3)
  11 goblins
  4 hobgoblins
  5 jackals
  2 quokkas (D:3)
  4 ball pythons
  3 bats
  6 kobolds
  6 rats (D:5)
74 creatures vanquished.

Vanquished Creatures (collateral kills)
  An iguana (D:4)
  Ijyb (D:3)
  An adder (D:3)
  A worm (D:2)
  2 dart slugs
  A bat (D:1)
  3 endoplasms
  A hobgoblin (D:3)
  2 ball pythons
  A frilled lizard (D:3)
  4 goblins
  8 rats
26 creatures vanquished.

Grand Total: 100 creatures vanquished

Notes
Turn   | Place    | Note
-------+----------+-------------------------------------------
     0 | D:1      | qw the Ghoul Summoner began the quest for the Orb.
     0 | D:1      | Reached XP level 1. HP: 14/14 MP: 2/2
     0 | D:1      | 0 ||| qw: Version: 0.1-a-113-g051387a
     0 | D:1      | 0 ||| qw: Game counter: 7083
     0 | D:1      | 0 ||| qw: Always use a shield: true
     0 | D:1      | 0 ||| qw: God list: Okawaru
     0 | D:1      | 0 ||| qw: Allow faded altars: false
     0 | D:1      | 0 ||| qw: Do Orc after D:15 true
     0 | D:1      | 0 ||| qw: Do second Lair branch before Depths: true
     0 | D:1      | 0 ||| qw: Lair rune preference: random
     0 | D:1      | 0 ||| qw: Plans: Normal
     0 | D:1      | 0 ||| PLANNING D:1-11
    12 | D:1      | 12 ||| Stepping ~*~*~tactically~*~*~ (hiding).
    13 | D:1      | 13 ||| CASTING Summon Small Mammal
    14 | D:1      | 14 ||| CASTING Summon Small Mammal
    39 | D:1      | 39 ||| CASTING Summon Small Mammal
    40 | D:1      | 40 ||| CASTING Summon Small Mammal
    46 | D:1      | Reached skill level 1 in Axes
    75 | D:1      | 75 ||| CASTING Summon Small Mammal
    76 | D:1      | 76 ||| CASTING Summon Small Mammal
   117 | D:1      | 117 ||| CASTING Summon Small Mammal
   118 | D:1      | 118 ||| CASTING Summon Small Mammal
   151 | D:1      | 151 ||| CASTING Summon Small Mammal
   152 | D:1      | 152 ||| CASTING Summon Small Mammal
   155 | D:1      | Reached XP level 2. HP: 21/22 MP: 0/3
   206 | D:1      | 206 ||| CASTING Summon Small Mammal
   207 | D:1      | 207 ||| CASTING Summon Small Mammal
   208 | D:1      | 208 ||| CASTING Summon Small Mammal
   214 | D:1      | Reached skill level 1 in Fighting
   245 | D:1      | 245 ||| Wielding weapon +0 dagger.
   304 | D:1      | 304 ||| Stepping ~*~*~tactically~*~*~ (stealth).
   306 | D:1      | 306 ||| Stepping ~*~*~tactically~*~*~ (stealth).
   308 | D:1      | 308 ||| CASTING Summon Small Mammal
   309 | D:1      | 309 ||| CASTING Summon Small Mammal
   310 | D:1      | 310 ||| CASTING Summon Small Mammal
   447 | D:1      | 447 ||| CASTING Summon Small Mammal
   448 | D:1      | 448 ||| CASTING Summon Small Mammal
   449 | D:1      | 449 ||| CASTING Summon Small Mammal
   512 | D:1      | 512 ||| CASTING Summon Small Mammal
   513 | D:1      | 513 ||| CASTING Summon Small Mammal
   514 | D:1      | 514 ||| CASTING Summon Small Mammal
   553 | D:1      | 553 ||| SWAPPING to +0 club.
   554 | D:1      | 554 ||| DROPPING +0 dagger.
   556 | D:1      | 556 ||| CASTING Summon Small Mammal
   557 | D:1      | 557 ||| CASTING Summon Small Mammal
   558 | D:1      | 558 ||| CASTING Summon Small Mammal
   561 | D:1      | 561 ||| Stepping ~*~*~tactically~*~*~ (hiding).
   616 | D:1      | 616 ||| CASTING Summon Small Mammal
   617 | D:1      | 617 ||| CASTING Summon Small Mammal
   618 | D:1      | 618 ||| CASTING Summon Small Mammal
   665 | D:1      | 665 ||| CASTING Summon Small Mammal
   666 | D:1      | 666 ||| CASTING Summon Small Mammal
   667 | D:1      | 667 ||| CASTING Summon Small Mammal
   860 | D:1      | 860 ||| UPGRADING to +0 ring mail.
   870 | D:1      | 870 ||| DROPPING +0 robe.
   871 | D:1      | 871 ||| READING 2 scrolls labelled IDGHUE PAAWOTHE.
   872 | D:1      | 872 ||| READING scroll labelled BIROUX WIDUZ.
   873 | D:1      | 873 ||| READING scroll labelled JURCHI TOECIBO.
   874 | D:1      | 874 ||| READING scroll labelled SYACSEGEUP.
   875 | D:1      | 875 ||| READING scroll labelled OSUCVA IMAPH.
   876 | D:1      | 876 ||| READING 2 scrolls labelled ROENYJ DUENAGH.
   877 | D:1      | 877 ||| READING scroll labelled HUCHUOWOMA.
   878 | D:1      | 878 ||| DROPPING potion of magic.
   879 | D:1      | 879 ||| DROPPING scroll of immolation.
   904 | D:2      | 904 ||| CASTING Summon Small Mammal
   905 | D:2      | 905 ||| STAIRDANCE
   929 | D:2      | 929 ||| CASTING Summon Small Mammal
   930 | D:2      | 930 ||| CASTING Summon Small Mammal
   931 | D:2      | 931 ||| CASTING Summon Small Mammal
   933 | D:2      | 933 ||| STAIRDANCE
   983 | D:2      | 983 ||| CASTING Summon Small Mammal
   984 | D:2      | 984 ||| CASTING Summon Small Mammal
   985 | D:2      | 985 ||| CASTING Summon Small Mammal
  1017 | D:2      | 1017 ||| Stepping ~*~*~tactically~*~*~ (stealth).
  1020 | D:2      | 1020 ||| CASTING Summon Small Mammal
  1021 | D:2      | 1021 ||| CASTING Summon Small Mammal
  1022 | D:2      | 1022 ||| CASTING Summon Small Mammal
  1064 | D:2      | 1064 ||| CASTING Summon Small Mammal
  1065 | D:2      | 1065 ||| CASTING Summon Small Mammal
  1067 | D:2      | 1067 ||| CASTING Summon Small Mammal
  1076 | D:2      | 1076 ||| CASTING Summon Small Mammal
  1080 | D:2      | Reached XP level 3. HP: 22/28 MP: 0/4
  1084 | D:2      | Reached skill level 2 in Axes
  1120 | D:2      | 1120 ||| CASTING Summon Small Mammal
  1121 | D:2      | 1121 ||| CASTING Summon Small Mammal
  1122 | D:2      | 1122 ||| CASTING Summon Small Mammal
  1123 | D:2      | 1123 ||| CASTING Summon Small Mammal
  1202 | D:2      | 1202 ||| CASTING Summon Small Mammal
  1203 | D:2      | 1203 ||| CASTING Summon Small Mammal
  1204 | D:2      | 1204 ||| CASTING Summon Small Mammal
  1205 | D:2      | 1205 ||| CASTING Summon Small Mammal
  1252 | D:2      | 1252 ||| Stepping ~*~*~tactically~*~*~ (hiding).
  1257 | D:2      | 1257 ||| CASTING Summon Small Mammal
  1258 | D:2      | 1258 ||| CASTING Summon Small Mammal
  1259 | D:2      | 1259 ||| CASTING Summon Small Mammal
  1260 | D:2      | 1260 ||| CASTING Summon Small Mammal
  1346 | D:2      | 1346 ||| CASTING Summon Small Mammal
  1347 | D:2      | 1347 ||| CASTING Summon Small Mammal
  1348 | D:2      | 1348 ||| CASTING Summon Small Mammal
  1349 | D:2      | 1349 ||| CASTING Summon Small Mammal
  1416 | D:2      | 1416 ||| CASTING Summon Small Mammal
  1417 | D:2      | 1417 ||| CASTING Summon Small Mammal
  1418 | D:2      | 1418 ||| CASTING Summon Small Mammal
  1419 | D:2      | 1419 ||| CASTING Summon Small Mammal
  1519 | D:2      | 1519 ||| CASTING Summon Small Mammal
  1520 | D:2      | 1520 ||| CASTING Summon Small Mammal
  1521 | D:2      | 1521 ||| CASTING Summon Small Mammal
  1522 | D:2      | 1522 ||| CASTING Summon Small Mammal
  1529 | D:2      | 1529 ||| CASTING Summon Small Mammal
  1593 | D:2      | 1593 ||| CASTING Summon Small Mammal
  1594 | D:2      | 1594 ||| CASTING Summon Small Mammal
  1597 | D:2      | 1597 ||| CASTING Summon Small Mammal
  1598 | D:2      | 1598 ||| CASTING Summon Small Mammal
  1603 | D:2      | 1603 ||| CASTING Summon Small Mammal
  1671 | D:2      | 1671 ||| CASTING Summon Small Mammal
  1672 | D:2      | 1672 ||| CASTING Summon Small Mammal
  1673 | D:2      | 1673 ||| CASTING Summon Small Mammal
  1674 | D:2      | 1674 ||| CASTING Summon Small Mammal
  1719 | D:2      | 1719 ||| CASTING Summon Small Mammal
  1720 | D:2      | 1720 ||| CASTING Summon Small Mammal
  1721 | D:2      | 1721 ||| CASTING Summon Small Mammal
  1722 | D:2      | 1722 ||| CASTING Summon Small Mammal
  1806 | D:2      | 1806 ||| CASTING Summon Small Mammal
  1807 | D:2      | 1807 ||| CASTING Summon Small Mammal
  1808 | D:2      | 1808 ||| CASTING Summon Small Mammal
  1809 | D:2      | 1809 ||| CASTING Summon Small Mammal
  1909 | D:2      | 1909 ||| CASTING Summon Small Mammal
  1910 | D:2      | 1910 ||| CASTING Summon Small Mammal
  1911 | D:2      | 1911 ||| CASTING Summon Small Mammal
  1912 | D:2      | 1912 ||| CASTING Summon Small Mammal
  2019 | D:2      | 2019 ||| CASTING Summon Small Mammal
  2020 | D:2      | 2020 ||| CASTING Summon Small Mammal
  2021 | D:2      | 2021 ||| CASTING Summon Small Mammal
  2022 | D:2      | 2022 ||| CASTING Summon Small Mammal
  2149 | D:2      | 2149 ||| UPGRADING to +0 cloak.
  2154 | D:2      | 2154 ||| UPGRADING to amulet of regeneration.
  2159 | D:2      | 2159 ||| READING scroll labelled YTUIPTAZAL.
  2160 | D:2      | 2160 ||| READING scroll labelled GIOQIF TULERR.
  2163 | D:2      | 2163 ||| DRINKING 2 puce potions.
  2164 | D:2      | 2164 ||| DRINKING 2 golden potions.
  2165 | D:2      | 2165 ||| READING 4 scrolls of identify.
  2165 | D:2      | 2165 ||| IDENTIFYING glowing pink potion
  2166 | D:2      | 2166 ||| DROPPING potion of lignification.
  2268 | D:3      | Noticed Ijyb
  2269 | D:3      | 2269 ||| Stepping ~*~*~tactically~*~*~ (hiding).
  2371 | D:3      | 2371 ||| Stepping ~*~*~tactically~*~*~ (hiding).
  2473 | D:3      | 2473 ||| Stepping ~*~*~tactically~*~*~ (hiding).
  2474 | D:3      | 2474 ||| CASTING Summon Small Mammal
  2475 | D:3      | 2475 ||| STAIRDANCE
  2487 | D:3      | 2487 ||| CASTING Summon Small Mammal
  2488 | D:3      | 2488 ||| STAIRDANCE
  2499 | D:3      | 2499 ||| STAIRDANCE
  2499 | D:3      | Paralysed by Ijyb for 4 turns
  2503 | D:3      | 2503 ||| STAIRDANCE
  2505 | D:2      | 2505 ||| CASTING Summon Small Mammal
  2506 | D:2      | 2506 ||| CASTING Summon Small Mammal
  2507 | D:2      | 2507 ||| CASTING Summon Small Mammal
  2508 | D:2      | 2508 ||| CASTING Summon Small Mammal
  2551 | D:3      | 2551 ||| CASTING Summon Small Mammal
  2552 | D:3      | 2552 ||| STAIRDANCE
  2564 | D:3      | 2564 ||| CASTING Summon Small Mammal
  2565 | D:3      | 2565 ||| CASTING Summon Small Mammal
  2566 | D:3      | 2566 ||| CASTING Summon Small Mammal
  2567 | D:3      | 2567 ||| CASTING Summon Small Mammal
  2572 | D:3      | 2572 ||| STAIRDANCE
  2609 | D:3      | 2609 ||| CASTING Summon Small Mammal
  2610 | D:3      | 2610 ||| CASTING Summon Small Mammal
  2611 | D:3      | 2611 ||| CASTING Summon Small Mammal
  2612 | D:3      | 2612 ||| CASTING Summon Small Mammal
  2619 | D:3      | 2619 ||| CASTING Summon Small Mammal
  2626 | D:3      | HP: 7/29 [Ijyb/+0 club (3)]
  2627 | D:3      | 2627 ||| DRINKING potion of heal wounds.
  2628 | D:3      | 2628 ||| CASTING Summon Small Mammal
  2632 | D:3      | 2632 ||| STAIRDANCE
  2673 | D:3      | 2673 ||| CASTING Summon Small Mammal
  2674 | D:3      | 2674 ||| CASTING Summon Small Mammal
  2675 | D:3      | 2675 ||| CASTING Summon Small Mammal
  2676 | D:3      | 2676 ||| CASTING Summon Small Mammal
  2681 | D:3      | Killed Ijyb
  2682 | D:3      | Reached XP level 4. HP: 28/36 MP: 0/5
  2682 | D:3      | 2682 ||| STAIRDANCE
  2785 | D:3      | 2785 ||| CASTING Summon Small Mammal
  2786 | D:3      | 2786 ||| CASTING Summon Small Mammal
  2787 | D:3      | 2787 ||| CASTING Summon Small Mammal
  2788 | D:3      | 2788 ||| CASTING Summon Small Mammal
  2789 | D:3      | 2789 ||| CASTING Summon Small Mammal
  2850 | D:3      | 2850 ||| Stepping ~*~*~tactically~*~*~ (hiding).
  2853 | D:3      | 2853 ||| CASTING Summon Small Mammal
  2854 | D:3      | 2854 ||| CASTING Summon Small Mammal
  2855 | D:3      | 2855 ||| CASTING Summon Small Mammal
  2856 | D:3      | 2856 ||| CASTING Summon Small Mammal
  2857 | D:3      | 2857 ||| CASTING Summon Small Mammal
  2940 | D:3      | 2940 ||| CASTING Summon Small Mammal
  2941 | D:3      | 2941 ||| CASTING Summon Small Mammal
  2942 | D:3      | 2942 ||| CASTING Summon Small Mammal
  2943 | D:3      | 2943 ||| CASTING Summon Small Mammal
  2944 | D:3      | 2944 ||| CASTING Summon Small Mammal
  2951 | D:3      | 2951 ||| CASTING Summon Small Mammal
  3010 | D:3      | 3010 ||| CASTING Summon Small Mammal
  3011 | D:3      | 3011 ||| CASTING Summon Small Mammal
  3012 | D:3      | 3012 ||| CASTING Summon Small Mammal
  3013 | D:3      | 3013 ||| CASTING Summon Small Mammal
  3014 | D:3      | 3014 ||| CASTING Summon Small Mammal
  3080 | D:3      | 3080 ||| CASTING Summon Small Mammal
  3081 | D:3      | 3081 ||| CASTING Summon Small Mammal
  3082 | D:3      | 3082 ||| CASTING Summon Small Mammal
  3083 | D:3      | 3083 ||| CASTING Summon Small Mammal
  3084 | D:3      | 3084 ||| CASTING Summon Small Mammal
  3148 | D:3      | 3148 ||| CASTING Summon Small Mammal
  3149 | D:3      | 3149 ||| CASTING Summon Small Mammal
  3151 | D:3      | 3151 ||| CASTING Summon Small Mammal
  3152 | D:3      | 3152 ||| CASTING Summon Small Mammal
  3153 | D:3      | 3153 ||| CASTING Summon Small Mammal
  3426 | D:3      | Noticed Robin
  3427 | D:3      | 3427 ||| Stepping ~*~*~tactically~*~*~ (hiding).
  3428 | D:3      | 3428 ||| CASTING Summon Small Mammal
  3429 | D:3      | 3429 ||| CASTING Summon Small Mammal
  3430 | D:3      | 3430 ||| CASTING Summon Small Mammal
  3431 | D:3      | 3431 ||| CASTING Summon Small Mammal
  3432 | D:3      | 3432 ||| CASTING Summon Small Mammal
  3435 | D:3      | Reached skill level 3 in Axes
  3438 | D:3      | 3438 ||| CASTING Summon Small Mammal
  3441 | D:3      | Killed Robin
  3450 | D:3      | 3450 ||| CASTING Summon Small Mammal
  3505 | D:3      | 3505 ||| SWAPPING to +0 whip.
  3506 | D:3      | 3506 ||| DROPPING +1 club of freezing.
  3526 | D:3      | 3526 ||| CASTING Summon Small Mammal
  3527 | D:3      | 3527 ||| CASTING Summon Small Mammal
  3528 | D:3      | 3528 ||| CASTING Summon Small Mammal
  3529 | D:3      | 3529 ||| CASTING Summon Small Mammal
  3530 | D:3      | 3530 ||| CASTING Summon Small Mammal
  3537 | D:3      | 3537 ||| CASTING Summon Small Mammal
  3617 | D:3      | 3617 ||| CASTING Summon Small Mammal
  3618 | D:3      | 3618 ||| CASTING Summon Small Mammal
  3619 | D:3      | 3619 ||| CASTING Summon Small Mammal
  3620 | D:3      | 3620 ||| CASTING Summon Small Mammal
  3621 | D:3      | 3621 ||| CASTING Summon Small Mammal
  3777 | D:3      | 3777 ||| Stepping ~*~*~tactically~*~*~ (hiding).
  3778 | D:3      | 3778 ||| CASTING Summon Small Mammal
  3779 | D:3      | 3779 ||| CASTING Summon Small Mammal
  3780 | D:3      | 3780 ||| CASTING Summon Small Mammal
  3781 | D:3      | 3781 ||| CASTING Summon Small Mammal
  3782 | D:3      | 3782 ||| CASTING Summon Small Mammal
  3789 | D:3      | 3789 ||| CASTING Summon Small Mammal
  3797 | D:3      | Reached XP level 5. HP: 23/41 MP: 0/6
  3862 | D:3      | 3862 ||| UPGRADING to +0 helmet.
  3867 | D:3      | 3867 ||| UPGRADING to ring of resist corrosion.
  3868 | D:3      | 3868 ||| READING 3 scrolls of identify.
  3868 | D:3      | 3868 ||| IDENTIFYING dark potion
  3935 | D:4      | 3935 ||| CASTING Summon Small Mammal
  3936 | D:4      | 3936 ||| STAIRDANCE
  3957 | D:4      | 3957 ||| STAIRDANCE
  3973 | D:3      | HP: 7/41 [hound (4)]
  3975 | D:3      | HP: 2/41 [goblin/+0 club (3)]
  3978 | D:3      | Reached skill level 4 in Axes
  4018 | D:4      | 4018 ||| CASTING Summon Small Mammal
  4019 | D:4      | 4019 ||| STAIRDANCE
  4034 | D:4      | 4034 ||| STAIRDANCE
  4041 | D:4      | 4041 ||| CASTING Summon Small Mammal
  4042 | D:4      | 4042 ||| STAIRDANCE
  4075 | D:4      | 4075 ||| Stepping ~*~*~tactically~*~*~ (hiding).
  4100 | D:4      | Found a snail-covered altar of Cheibriados.
  4155 | D:4      | 4155 ||| Stepping ~*~*~tactically~*~*~ (stealth).
  4156 | D:4      | 4156 ||| Stepping ~*~*~tactically~*~*~ (stealth).
  4167 | D:4      | 4167 ||| Stepping ~*~*~tactically~*~*~ (outnumbered).
  4177 | D:4      | 4177 ||| DRINKING potion of curing.
  4177 | D:4      | 4177 ||| (to cure confusion)
  4213 | D:4      | Reached skill level 3 in Fighting
  4248 | D:4      | 4248 ||| SWAPPING to +0 hand axe.
  4258 | D:4      | 4258 ||| Stepping ~*~*~tactically~*~*~ (stealth).
  4259 | D:4      | 4259 ||| CASTING Summon Small Mammal
  4260 | D:4      | 4260 ||| CASTING Summon Small Mammal
  4262 | D:4      | 4262 ||| CASTING Summon Small Mammal
  4265 | D:4      | 4265 ||| CASTING Summon Small Mammal
  4276 | D:4      | Reached skill level 1 in Armour
  4276 | D:4      | Reached XP level 6. HP: 41/51 MP: 3/7
  4326 | D:4      | 4326 ||| CASTING Summon Small Mammal
  4327 | D:4      | 4327 ||| CASTING Summon Small Mammal
  4328 | D:4      | 4328 ||| CASTING Summon Small Mammal
  4329 | D:4      | 4329 ||| CASTING Summon Small Mammal
  4330 | D:4      | 4330 ||| CASTING Summon Small Mammal
  4385 | D:4      | 4385 ||| CASTING Summon Small Mammal
  4386 | D:4      | 4386 ||| CASTING Summon Small Mammal
  4387 | D:4      | 4387 ||| CASTING Summon Small Mammal
  4388 | D:4      | 4388 ||| CASTING Summon Small Mammal
  4389 | D:4      | 4389 ||| CASTING Summon Small Mammal
  4390 | D:4      | 4390 ||| CASTING Summon Small Mammal
  4391 | D:4      | 4391 ||| CASTING Summon Small Mammal
  4464 | D:4      | 4464 ||| CASTING Summon Small Mammal
  4465 | D:4      | 4465 ||| CASTING Summon Small Mammal
  4466 | D:4      | 4466 ||| CASTING Summon Small Mammal
  4498 | D:4      | Reached skill level 1 in Throwing
  4664 | D:4      | 4664 ||| CASTING Summon Small Mammal
  4665 | D:4      | 4665 ||| CASTING Summon Small Mammal
  4666 | D:4      | 4666 ||| CASTING Summon Small Mammal
  4667 | D:4      | 4667 ||| CASTING Summon Small Mammal
  4668 | D:4      | 4668 ||| CASTING Summon Small Mammal
  4669 | D:4      | 4669 ||| CASTING Summon Small Mammal
  4670 | D:4      | 4670 ||| CASTING Summon Small Mammal
  4678 | D:4      | 4678 ||| CASTING Summon Small Mammal
  4750 | D:4      | Identified the +11 dagger of Peril {vorpal, rPois Int+5}
  4811 | D:4      | 4811 ||| UPGRADING to +0 chain mail.
  4821 | D:4      | 4821 ||| DROPPING +0 ring mail.
  4822 | D:4      | 4822 ||| UPGRADING to +4 ring of protection.
  4823 | D:4      | 4823 ||| READING scroll labelled UQEUHI PEVO.
  4823 | D:4      | Identified a scroll of acquirement
  4823 | D:4      | 4823 ||| ACQUIRING +0 buckler of Fallacy {rC+}
  4823 | D:4      | Acquired the +0 buckler of Fallacy {rC+}
  4825 | D:4      | 4825 ||| UPGRADING to +0 buckler of Fallacy {rC+}.
  4858 | D:5      | Entered Level 5 of the Dungeon
  4859 | D:5      | 4859 ||| PLANNING SEWER
  4878 | D:5      | 4878 ||| READING scroll of brand weapon.
  4878 | D:5      | 4878 ||| BRANDING +0 hand axe.
  4963 | D:5      | Reached skill level 1 in Shields
  5301 | D:5      | 5301 ||| Stepping ~*~*~tactically~*~*~ (stealth).
  5302 | D:5      | 5302 ||| Stepping ~*~*~tactically~*~*~ (stealth).
  5304 | D:5      | Reached XP level 7. HP: 57/57 MP: 8/8
  5356 | D:5      | 5356 ||| READING scroll labelled WEUDE WIUSTRIO.
  5357 | D:5      | 5357 ||| READING 8 scrolls of identify.
  5357 | D:5      | 5357 ||| IDENTIFYING fuming cyan potion
  5358 | D:5      | 5358 ||| DROPPING potion of degeneration.
  5385 | D:5      | 5385 ||| DROPPING +0 whip.
  5550 | D:5      | Found a glowing drain.
  5551 | D:5      | 5551 ||| Stepping ~*~*~tactically~*~*~ (water).
  5561 | D:5      | 5561 ||| RIP SEWER
  5561 | D:5      | 5561 ||| PLANNING D:1-11
  5561 | D:5      | 5561 ||| READING 2 scrolls of teleportation.
  5623 | D:6      | Reached skill level 5 in Axes
  5628 | D:6      | 5628 ||| Stepping ~*~*~tactically~*~*~ (hiding).
  5649 | D:6      | HP: 8/57 [orc warrior/+0 long sword (8)]
  5650 | D:6      | 5650 ||| READING scroll of teleportation.
  5651 | D:6      | HP: 3/57 [orc warrior/+0 long sword (5)]
  5651 | D:6      | Killed from afar by an orc wizard

Levels and vault maps discovered:
D:1:      spicycebolla_arrival_ecumenical, layout_rooms, dk_noncrumbling_2
D:2:      layout_loops_cross
D:3:      layout_loops_ring, kennysheep_potato, uniq_robin, uniq_ijyb
D:4:      layout_rooms, mainiacjoe_overflow_chevrons
D:5:      layout_cave_pools, serial_column_ruins, column_ruins_grid_1,
          column_ruins_columns_dead_end, column_ruins_open_tiny,
          column_ruins_open_small, column_ruins_grid_1,
          column_ruins_corridor_corner, column_ruins_grid_2,
          portal_sewer_entry_e, hangedman_glass_teeth
D:6:      layout_basic, mainiacjoe_overflow_catwalk, grunt_ministairs_9,
          minmay_fountain_box

Skill      XL: |  1  2  3  4  5  6  7 |
---------------+----------------------+-----
Axes           | 1 2 3 4 5 |  5.2
Fighting       | 1 2 3 |  3.0
Armour         | 1 |  1.5
Throwing       | 1 |  1.9
Shields        | 1 |  1.1
Dodging        | |  1.7
Stealth        | |  2.1
Spellcasting   | |  1.7
Summonings     | |  3.6

Action                   |  1- 3 |  4- 6 |  7- 9 || total
-------------------------+-------+-------+-------++-------
Melee: Unarmed           |    12 |       |       ||    12
       Club              |    71 |    27 |       ||    98
       Dagger            |     9 |       |       ||     9
       Whip              |       |   127 |       ||   127
       Punch             |       |     5 |       ||     5
       Hand axe          |       |   118 |    64 ||   182
Throw: Javelin           |       |     6 |     6 ||    12
 Cast: Summon Small Mamm |    91 |    71 |       ||   162
  Use: Scroll            |    10 |     3 |     4 ||    17
       Potion            |     3 |     1 |       ||     4
 Stab: Distracted        |       |     1 |       ||     1
Armor: Ring mail         |    33 |   108 |       ||   141
       Robe              |     6 |       |       ||     6
       Chain mail        |       |    43 |    64 ||   107
Dodge: Dodged            |    63 |   147 |    18 ||   228
Block: Buckler           |       |     8 |     8 ||    16

Table legend:
 A = Non-vault XP
 B = Vault XP
 C = Vault XP percentage of total XP
 D = Non-vault monster count
 E = Vault monster count
 F = Vault count percentage of total count
                 A         B        C        D         E       F
            +---------+---------+-------+---------+---------+-------
      Total |     703 |     115 |  14.1 |      81 |      19 |  19.0
            +---------+---------+-------+---------+---------+-------
        D:1 |      28 |       0 |   0.0 |      16 |       0 |   0.0
        D:2 |      41 |       0 |   0.0 |      18 |       0 |   0.0
        D:3 |      67 |      94 |  58.4 |      13 |      11 |  45.8
        D:4 |     210 |       0 |   0.0 |      16 |       0 |   0.0
        D:5 |     225 |      21 |   8.5 |      14 |       8 |  36.4
        D:6 |     132 |       0 |   0.0 |       4 |       0 |   0.0
            +---------+---------+-------+---------+---------+-------
